[Event "Titled Tuesday Blitz November 07 Early 2023"]
[White "Cappelletto, Joshuaede"]
[Black "Kiseljova, Marya"]
[WhiteFideId "2824383"]
[BlackFideId "4155009"]
[WhiteElo "2626"]
[BlackElo "2206"]
[Result "1-0"]
[Round "7"]
[TimeControl "180+1"]
[Date "2023.11.07"]
[WhiteClock "0:00:18"]
[BlackClock "0:00:07"]
[Board "189"]

1. e4 c5 2. Nf3 Nc6 3. c3 Nf6 4. e5 Nd5 5. d4 cxd4 6. cxd4 d6 7. Bc4 Nb6 8. Bb3 e6 9. Bg5 Be7 10. Bxe7 Qxe7 11. O-O O-O 12. Nc3 a6 13. Ne4 dxe5 14. dxe5 Rd8 15. Qe2 Nd5 16. Rad1 Bd7 17. Bxd5 exd5 18. Rxd5 Bg4 19. Rxd8+ Rxd8 20. Ned2 Re8 21. Re1 h6 22. h3 Bh5 23. Qe3 Qb4 24. b3 Qa3 25. Nc4 Qxa2 26. Nd6 Re7 27. g4 Bg6 28. Qc3 Qc2 29. Qxc2 Bxc2 30. Re3 Bd1 31. Nf5 Re6 32. N5d4 Nxd4 33. Nxd4 Rb6 34. f4 Rb4 35. Rd3 Bxb3 36. Nxb3 Rxf4 37. Nc5 Rb4 38. Rd8+ Kh7 39. Rd7 Rb5 40. Nd3 Kg6 41. h4 a5 42. Nf4+ Kh7 43. e6 fxe6 44. Nxe6 a4 45. Rxg7+ Kh8 46. Rd7 a3 47. Rd8+ Kh7 48. Ra8 Rb3 49. Kf2 b5 50. Nd4 Rb2+ 51. Ke3 b4 52. g5 hxg5 53. hxg5 Kg6 54. Kf4 a2 55. Ra6+ Kf7 56. g6+ Kg8 57. Nf5 b3 58. Ra8# 1-0


[Site "https://www.chess.com"]

[Event "Titled Tuesday Blitz November 07 Early 2023"]
[White "Idnani, Taran"]
[Black "Petersson, Kjell"]
[WhiteFideId "2071002"]
[BlackFideId "1705148"]
[WhiteElo "2405"]
[BlackElo "2130"]
[Result "1/2-1/2"]
[Round "7"]
[TimeControl "180+1"]
[Date "2023.11.07"]
[WhiteClock "0:01:31"]
[BlackClock "0:00:08"]
[Board "190"]

1. e4 c5 2. Nf3 d6 3. d4 cxd4 4. Qxd4 Nc6 5. Bb5 Bd7 6. Bxc6 Bxc6 7. c4 f5 8. exf5 Qa5+ 9. Nc3 Qxf5 10. Qf4 Nh6 11. O-O Bxf3 12. Qxf3 Qxf3 13. gxf3 Nf5 14. Nd5 Kd7 15. b3 e6 16. Ne3 Nh4 17. Rd1 Nxf3+ 18. Kg2 Nh4+ 19. Kf1 b6 20. Bb2 Rg8 21. Be5 Rc8 22. Ke2 Be7 23. Rd2 Kc7 24. Bg3 Rcd8 25. Rad1 Nf5 26. Nc2 Nxg3+ 27. hxg3 Rgf8 28. Nd4 Rf6 29. Nb5+ Kc6 30. Nxa7+ Kb7 31. Nb5 e5 32. Nc3 Rdf8 33. Ne4 Rf3 34. Rd3 Rxd3 35. Rxd3 Kc6 36. a4 h5 37. Nc3 h4 38. Nd5 Bd8 39. gxh4 Bxh4 40. Rf3 Bf6 41. Kd3 Rf7 42. Ke4 Rf8 43. Rd3 Bd8 44. Rf3 Bf6 45. Ne3 Kc5 46. Nd5 Kc6 1/2-1/2


[Site "https://www.chess.com"]

[Event "Titled Tuesday Blitz November 07 Early 2023"]
[White "Fernandez Hernandez, Gerardo"]
[Black "Todev, Simeon"]
[WhiteFideId "2207400"]
[BlackFideId "2925133"]
[WhiteElo "2114"]
[BlackElo "2353"]
[Result "1/2-1/2"]
[Round "7"]
[TimeControl "180+1"]
[Date "2023.11.07"]
[WhiteClock "0:00:05"]
[BlackClock "0:00:56"]
[Board "191"]

1. e4 c5 2. d3 Nc6 3. g3 e5 4. Bg2 g6 5. f4 Bg7 6. Nc3 Nge7 7. Nf3 O-O 8. O-O d6 9. f5 gxf5 10. Nh4 Nd4 11. a4 fxe4 12. dxe4 f5 13. Bg5 fxe4 14. Nd5 Ndc6 15. Bxe4 Bh3 16. Rxf8+ Qxf8 17. Qh5 h6 18. Nxe7+ Nxe7 19. Bxe7 Qxe7 20. Nf5 Bxf5 21. Qxf5 Rf8 22. Qh7+ Kf7 23. Qg6+ Kg8 24. Qh7+ Kf7 25. Qg6+ Kg8 26. Qh7+ 1/2-1/2


[Site "https://www.chess.com"]

[Event "Titled Tuesday Blitz November 07 Early 2023"]
[White "rikchessmx"]
[Black "abelmat"]
[WhiteElo "2343"]
[BlackElo "1966"]
[Result "1-0"]
[Round "7"]
[TimeControl "180+1"]
[Date "2023.11.07"]
[WhiteClock "0:01:25"]
[BlackClock "0:00:00"]
[Board "192"]

1. e4 e6 2. d4 d5 3. Nc3 dxe4 4. Nxe4 Nd7 5. Nf3 Ngf6 6. Neg5 Be7 7. Bd3 O-O 8. Qe2 Bb4+ 9. c3 Bd6 10. Ne5 b6 11. Qf3 Bxe5 12. Qxa8 Qe7 13. Qf3 Bd6 14. Ne4 Nxe4 15. Qxe4 f5 16. Qe2 Bb7 17. O-O Nf6 18. Bg5 h6 19. Bxf6 Qxf6 20. f4 g5 21. Bc4 Re8 22. fxg5 hxg5 23. Rae1 Qh6 24. h3 1-0


[Site "https://www.chess.com"]

[Event "Titled Tuesday Blitz November 07 Early 2023"]
[White "Carlsen, Magnus"]
[Black "Pranav, V"]
[WhiteFideId "1503014"]
[BlackFideId "25060783"]
[WhiteElo "3271"]
[BlackElo "3073"]
[Result "0-1"]
[Round "8"]
[TimeControl "180+1"]
[Date "2023.11.07"]
[WhiteClock "0:00:00"]
[BlackClock "0:00:12"]
[Board "1"]

1. e4 e5 2. f4 Bc5 3. Qh5 d6 4. fxe5 Nc6 5. exd6 Qxd6 6. c3 Nf6 7. Qh4 O-O 8. Nf3 Re8 9. d3 Ng4 10. Na3 Bf2+ 11. Qxf2 Nxf2 12. Kxf2 Bg4 13. Nc4 Qd7 14. Bf4 Rad8 15. a4 f5 16. e5 a6 17. a5 Ne7 18. Be2 Nd5 19. Bg5 Rb8 20. h3 Bh5 21. g3 f4 22. g4 Bg6 23. d4 h6 24. Bh4 Rf8 25. Rhe1 Rbe8 26. e6 Qxe6 27. Nfe5 Ne3 28. Nxe3 fxe3+ 29. Kg1 Be4 30. Bc4 Bd5 31. Bd3 Rf3 32. Nxf3 Bxf3 33. Rf1 Bc6 34. Rf5 e2 35. Re5 Qf7 36. Rxe8+ Qxe8 37. Kf2 Qf7+ 38. Kxe2 Qf3+ 39. Kd2 Qg2+ 40. Be2 g5 41. Be1 Bf3 0-1


[Site "https://www.chess.com"]

[Event "Titled Tuesday Blitz November 07 Early 2023"]
[White "Le, Quang Liem"]
[Black "Duda, Jan-Krzysztof"]
[WhiteFideId "12401137"]
[BlackFideId "1170546"]
[WhiteElo "3066"]
[BlackElo "3086"]
[Result "1/2-1/2"]
[Round "8"]
[TimeControl "180+1"]
[Date "2023.11.07"]
[WhiteClock "0:00:09"]
[BlackClock "0:00:16"]
[Board "2"]

1. Nf3 Nf6 2. c4 e6 3. Nc3 d5 4. e3 Be7 5. b3 O-O 6. Bb2 c5 7. cxd5 exd5 8. d4 Nc6 9. Be2 Ne4 10. dxc5 Bf6 11. Rc1 Qa5 12. Nd4 Nxc5 13. Nxc6 bxc6 14. O-O Ne4 15. Qc2 Nxc3 16. Bxc3 Bxc3 17. Qxc3 Qxa2 18. Rc2 Qa3 19. Ra1 Qe7 20. Qxc6 Be6 21. Qc5 Qf6 22. Rxa7 Rac8 23. Rc7 Rxc7 24. Qxc7 d4 25. exd4 Bxb3 26. Rc3 Bd5 27. Qe5 Qxe5 28. dxe5 f6 29. exf6 Rxf6 30. f3 Rc6 31. Rd3 Be6 32. Rd2 h6 33. Kf2 Kf7 34. h4 Ke7 35. f4 Rb6 36. Bf3 Rb4 37. Kg3 Bf5 38. h5 Kf7 39. Ra2 Be4 40. Ra7+ Kf6 41. Ra6+ Kf7 42. Bxe4 Rxe4 43. Kg4 Rb4 44. Ra5 Kf6 45. g3 Rb1 46. Ra6+ Kf7 47. Rd6 Rb2 48. Rg6 Rb5 49. Kh4 Rb4 50. Kh3 Rb5 51. g4 Rb3+ 52. Kh4 Rf3 53. f5 Kg8 54. Ra6 Kf7 55. Ra2 Kf6 56. Rg2 Kf7 57. Rg3 Rf1 58. Rc3 Rg1 59. Rg3 Rh1+ 60. Rh3 Rg1 61. Re3 Kf6 62. Re6+ Kf7 63. Rg6 Rf1 64. Kg3 Kf8 65. Kg2 Rf4 66. Kg3 Rf1 67. Ra6 Kf7 68. Ra3 Kf6 69. Rf3 Ra1 70. Re3 Rf1 71. Re6+ Kf7 72. Re4 Kf6 73. Re6+ Kf7 74. Kg2 Rf4 75. Rg6 Kf8 76. Kg3 Rf1 1/2-1/2


[Site "https://www.chess.com"]

[Event "Titled Tuesday Blitz November 07 Early 2023"]
[White "Melkumyan, Hrant"]
[Black "Nihal Sarin"]
[WhiteFideId "13302485"]
[BlackFideId "25092340"]
[WhiteElo "2902"]
[BlackElo "3113"]
[Result "1-0"]
[Round "8"]
[TimeControl "180+1"]
[Date "2023.11.07"]
[WhiteClock "0:01:13"]
[BlackClock "0:00:54"]
[Board "3"]

1. Nf3 a6 2. d4 d5 3. Nbd2 Bf5 4. c4 e6 5. g3 Nc6 6. a3 Nf6 7. Bg2 h5 8. h3 Bd6 9. O-O h4 10. Nxh4 Bxh3 11. Bxh3 g5 12. e4 gxh4 13. e5 hxg3 14. Bg2 Nh5 15. exd6 Nxd4 16. Nf3 Nf5 17. dxc7 Qxc7 18. cxd5 Nf4 19. Qa4+ b5 20. Qxf4 gxf2+ 21. Rxf2 Qc5 22. dxe6 O-O-O 23. Bd2 Nd4 24. Nxd4 Rxd4 25. Rc1 1-0


[Site "https://www.chess.com"]

[Event "Titled Tuesday Blitz November 07 Early 2023"]
[White "Taher, Yoseph Theolifus"]
[Black "Bluebaum, Matthias"]
[WhiteFideId "7105347"]
[BlackFideId "24651516"]
[WhiteElo "2896"]
[BlackElo "3070"]
[Result "0-1"]
[Round "8"]
[TimeControl "180+1"]
[Date "2023.11.07"]
[WhiteClock "0:00:00"]
[BlackClock "0:01:01"]
[Board "4"]

1. Nf3 d5 2. g3 e6 3. Bg2 Nf6 4. O-O Bd6 5. d3 O-O 6. Nbd2 Nc6 7. e4 dxe4 8. dxe4 e5 9. c3 a5 10. a4 b6 11. Re1 Bc5 12. h3 Be6 13. Qe2 h6 14. Nh4 Qd7 15. Kh2 Rfd8 16. Bf1 Qe8 17. Nf5 Ne7 18. Ne3 Rd7 19. Bg2 Rad8 20. Ndc4 Ng6 21. Rb1 h5 22. b4 axb4 23. cxb4 Bd4 24. Nf5 Bxf2 25. Qxf2 Bxc4 26. a5 bxa5 27. bxa5 Rd3 28. Bg5 Qe6 29. Rbc1 R8d7 30. Bf1 Nh7 31. Bxd3 Bxd3 32. Bd2 Nf6 33. Ne3 Nxe4 34. Qg2 h4 35. Kg1 hxg3 36. Ng4 Nh4 0-1


[Site "https://www.chess.com"]

[Event "Titled Tuesday Blitz November 07 Early 2023"]
[White "Martinez Alcantara, Jose Eduardo"]
[Black "Kamsky, Gata"]
[WhiteFideId "3805662"]
[BlackFideId "2000024"]
[WhiteElo "3055"]
[BlackElo "2861"]
[Result "1-0"]
[Round "8"]
[TimeControl "180+1"]
[Date "2023.11.07"]
[WhiteClock "0:00:06"]
[BlackClock "0:00:01"]
[Board "5"]

1. e4 c5 2. Nf3 e6 3. c3 d5 4. e5 d4 5. g3 Bd7 6. d3 Bc6 7. Bg2 Ne7 8. O-O Nf5 9. Qe2 Be7 10. Nbd2 h5 11. h4 Nd7 12. Re1 Nb6 13. Ne4 Nd5 14. cxd4 cxd4 15. Bg5 Qb6 16. Bxe7 Kxe7 17. Qd2 Kf8 18. a3 a5 19. Rac1 a4 20. Nd6 Nxd6 21. exd6 Qd8 22. Nxd4 Qxd6 23. Nxc6 bxc6 24. Rc4 g6 25. Qc2 Kg7 26. Rxa4 Rxa4 27. Qxa4 Rb8 28. b4 Ne7 29. Qc2 Kg8 30. Rc1 Rb6 31. Be4 Ra6 32. Qb3 Qd4 33. Kg2 Nd5 34. Bxd5 exd5 35. Qc3 Qa7 36. Qe5 Qd7 37. Rc3 Ra8 38. Qf6 Rc8 39. d4 Qb7 40. Re3 Rf8 41. g4 Qd7 42. gxh5 Qg4+ 43. Rg3 Qxh5 44. Rg5 Qe2 45. h5 Qe4+ 46. Kg3 Qd3+ 47. Kh2 Qe4 48. hxg6 fxg6 49. Rxg6+ 1-0


[Site "https://www.chess.com"]

[Event "Titled Tuesday Blitz November 07 Early 2023"]
[White "Kazakouski, Valery"]
[Black "Xiong, Jeffery"]
[WhiteFideId "13507443"]
[BlackFideId "2047640"]
[WhiteElo "2892"]
[BlackElo "3014"]
[Result "1/2-1/2"]
[Round "8"]
[TimeControl "180+1"]
[Date "2023.11.07"]
[WhiteClock "0:00:05"]
[BlackClock "0:00:22"]
[Board "6"]

1. Nf3 c5 2. e4 Nc6 3. Bb5 d6 4. O-O Bd7 5. Re1 Nf6 6. c3 a6 7. Bf1 Bg4 8. d4 Bxf3 9. gxf3 cxd4 10. cxd4 d5 11. Nc3 e6 12. Bg5 Be7 13. Bxf6 Bxf6 14. exd5 Nxd4 15. Re4 Nf5 16. dxe6 O-O 17. exf7+ Kh8 18. Qb3 Nd4 19. Qxb7 Nxf3+ 20. Kg2 Ng5 21. Rd1 Qb8 22. Qxb8 Raxb8 23. Re8 Rfxe8 24. fxe8=Q+ Rxe8 25. Bxa6 Ne6 26. Bc4 Nf4+ 27. Kf3 Rf8 28. Ke4 Nh3 29. Rd2 Bg5 30. Rc2 Nxf2+ 31. Kd5 Ng4 32. Nd1 Rd8+ 33. Ke6 Rxd1 34. Be2 Rc1 35. Rxc1 Bxc1 36. Bxg4 Bxb2 37. a4 Bc3 38. Kf7 g6 39. Be2 Ba5 40. h3 Bb4 41. Bd3 Ba5 42. Bxg6 hxg6 43. Kxg6 Kg8 44. h4 1/2-1/2


[Site "https://www.chess.com"]

[Event "Titled Tuesday Blitz November 07 Early 2023"]
[White "Bauman_Guy"]
[Black "Nyzhnyk, Illya"]
[BlackFideId "14118084"]
[WhiteElo "2931"]
[BlackElo "2860"]
[Result "0-1"]
[Round "8"]
[TimeControl "180+1"]
[Date "2023.11.07"]
[WhiteClock "0:00:02"]
[BlackClock "0:00:13"]
[Board "7"]

1. e4 c6 2. d4 d5 3. e5 Bf5 4. h4 Qc7 5. Be3 a6 6. Nc3 h5 7. Nge2 g6 8. Ng3 Bd7 9. Na4 e6 10. Bd3 b6 11. c3 c5 12. b3 Bxa4 13. bxa4 Nc6 14. Ne2 Nh6 15. O-O Nf5 16. Bxf5 gxf5 17. Nf4 Be7 18. g3 Na5 19. Nxh5 Nc4 20. Bg5 Bxg5 21. hxg5 O-O-O 22. Kg2 Kb7 23. Rh1 Rhg8 24. Qc1 Qc6 25. Nf6 Rg7 26. Rb1 cxd4 27. cxd4 Qxa4 28. g6 fxg6 29. Qh6 Rc7 30. Qxg6 Qxa2 31. Rbe1 Qd2 32. Ne8 Re7 33. Nd6+ Nxd6 34. exd6 Rxd6 35. Rh7 Rxh7 36. Qxh7+ Kc6 37. Ra1 a5 38. Qg8 Qb2 39. Qe8+ Kc7 40. Rh1 Rd7 41. Qxe6 Qc2 42. Re1 a4 43. Re3 f4 44. Qe5+ Kb7 45. Qxf4 Qc4 46. Qf6 Qb4 47. Qe6 Qd6 48. Qe8 b5 49. Re6 Qc7 50. Qf8 Qc4 51. Re8 Kb6 52. Ra8 Qc7 53. Qb4 Rf7 54. Qa5+ Kc6 55. Ra6+ Kd7 56. Qxb5+ Ke7 57. Qxd5 Rxf2+ 58. Kxf2 Qc2+ 59. Kg1 Qd1+ 60. Kh2 Qe2+ 61. Kh3 Qxa6 62. Qc5+ Kf6 63. Qe5+ Kf7 64. Qf4+ Qf6 65. Qc7+ Qe7 66. Qf4+ Ke8 67. Qb8+ Qd8 68. Qe5+ Qe7 69. Qa5 Qd7+ 70. g4 Qxd4 71. Kh4 Kf7 72. Qa6 Qf6+ 73. Qxf6+ Kxf6 74. Kh5 Kg7 75. Kg5 a3 76. Kf4 a2 0-1


[Site "https://www.chess.com"]

[Event "Titled Tuesday Blitz November 07 Early 2023"]
[White "Sychev, Klementy"]
[Black "Kukhmazov, Arsen"]
[WhiteFideId "4114060"]
[BlackFideId "24108260"]
[WhiteElo "2853"]
[BlackElo "2922"]
[Result "1-0"]
[Round "8"]
[TimeControl "180+1"]
[Date "2023.11.07"]
[WhiteClock "0:00:04"]
[BlackClock "0:00:00"]
[Board "8"]

1. e4 c6 2. c4 d5 3. cxd5 cxd5 4. exd5 Nf6 5. Qa4+ Nbd7 6. Nc3 g6 7. Bc4 a6 8. Nf3 Rb8 9. Bb3 Bg7 10. O-O O-O 11. Qf4 Nh5 12. Qe3 b5 13. Re1 Re8 14. d6 e6 15. Nd5 Bb7 16. Nc7 Rf8 17. Ng5 Bd4 18. Ngxe6 Bxe3 19. Nxd8 Bxf2+ 20. Kxf2 Rbxd8 21. d4 Nb6 22. Bg5 Rxd6 23. Be7 Rxd4 24. Bxf8 Kxf8 25. Rad1 Rxd1 26. Rxd1 Nf6 27. h3 Ke7 28. g4 h6 29. Kg1 Ne4 30. Nd5+ Bxd5 31. Bxd5 Nd6 32. Re1+ Kf6 33. Bb3 g5 34. Kf2 Nd7 35. Rd1 Ke7 36. Kg2 Nc5 37. Rc1 Ndb7 38. Re1+ Kd6 39. Bxf7 Nd8 40. Rd1+ Ke7 41. Bg6 Nde6 42. Bf5 Nf4+ 43. Kh2 Na4 44. Rd7+ Kf6 45. Rd6+ Ke5 46. Rxa6 Nxb2 47. Rxh6 Nc4 48. Rc6 Nd6 49. Rb6 Nd5 50. Rb8 b4 51. Kg3 Nc3 52. Ra8 Ndb5 53. h4 gxh4+ 54. Kxh4 Nd4 55. Bg6 Kf4 56. Rf8+ Ke5 57. Re8+ Kf4 58. Ra8 Ke5 59. Kh5 Ne6 60. Bf7 Nf4+ 61. Kh6 Ne4 62. Re8+ Kd4 63. g5 Ng3 64. g6 Nd3 65. Rd8+ Ke3 66. Rxd3+ Kxd3 67. Kg5 Ne4+ 68. Kf4 Nd6 69. g7 1-0


[Site "https://www.chess.com"]

[Event "Titled Tuesday Blitz November 07 Early 2023"]
[White "Sethuraman, S.P."]
[Black "Lobanov, Sergei"]
[WhiteFideId "5021596"]
[BlackFideId "24183750"]
[WhiteElo "2912"]
[BlackElo "2849"]
[Result "1-0"]
[Round "8"]
[TimeControl "180+1"]
[Date "2023.11.07"]
[WhiteClock "0:00:20"]
[BlackClock "0:00:00"]
[Board "9"]

1. d4 Nf6 2. c4 e6 3. Nf3 d5 4. g3 Bb4+ 5. Bd2 Be7 6. Bg2 O-O 7. Qc2 c6 8. O-O b6 9. Bf4 Bb7 10. Rd1 Nbd7 11. Ne5 Nxe5 12. dxe5 Nd7 13. cxd5 cxd5 14. e4 d4 15. Rxd4 Bc5 16. Rd1 Qe7 17. Nc3 Rfd8 18. h4 h6 19. Nb5 g5 20. hxg5 hxg5 21. Bd2 Nxe5 22. Bc3 Ng4 23. Bd4 Bxd4 24. Nxd4 Qf6 25. e5 Qe7 26. Qe2 Bxg2 27. Kxg2 Nh6 28. Qh5 Kg7 29. Nc6 Qb7 30. Qxg5+ Kh7 31. Rh1 Qxc6+ 32. Kg1 Qxh1+ 33. Kxh1 Rac8 34. Rc1 Rg8 35. Qf4 Rcd8 36. Kg2 Rg4 37. Qf6 Re8 38. Rh1 Rg6 39. Qxf7+ 1-0


[Site "https://www.chess.com"]

[Event "Titled Tuesday Blitz November 07 Early 2023"]
[White "Andreikin, Dmitry"]
[Black "Yanchenko, Roman"]
[WhiteFideId "4158814"]
[BlackFideId "4137329"]
[WhiteElo "3109"]
[BlackElo "2852"]
[Result "1-0"]
[Round "8"]
[TimeControl "180+1"]
[Date "2023.11.07"]
[WhiteClock "0:00:06"]
[BlackClock "0:00:04"]
[Board "10"]

1. d4 d5 2. c4 c6 3. Nf3 Nf6 4. Qc2 a6 5. Nc3 e6 6. e4 dxe4 7. Nxe4 Nxe4 8. Qxe4 Bb4+ 9. Bd2 Bxd2+ 10. Nxd2 Nd7 11. O-O-O c5 12. dxc5 Qa5 13. Kb1 Nxc5 14. Qe5 O-O 15. Ne4 b6 16. Nd6 f6 17. Qe3 e5 18. Be2 Be6 19. f4 Na4 20. f5 Bd7 21. Bf3 e4 22. Bxe4 Ra7 23. Bd5+ Kh8 24. Nf7+ Rxf7 25. Bxf7 Qb4 26. Qb3 Bxf5+ 27. Ka1 Qf8 28. Qxa4 Rxf7 29. Rhe1 b5 30. cxb5 Bd7 31. Rxd7 Rxd7 32. bxa6 Rd8 33. a7 h6 34. Qc6 Rc8 35. Qb7 Rd8 36. a3 Qg8 37. Rc1 Re8 38. h4 h5 39. Qb5 g6 40. Qb6 Kg7 41. Rc7+ Kh6 42. Qf2 Qe6 43. Qf4+ g5 44. hxg5+ fxg5 45. Qc1 Qb6 46. Rc6+ Qxc6 47. Qxc6+ Re6 48. Qxe6+ 1-0


[Site "https://www.chess.com"]

[Event "Titled Tuesday Blitz November 07 Early 2023"]
[White "Nenezic, Marko"]
[Black "Firouzja, Alireza"]
[WhiteFideId "912123"]
[BlackFideId "12573981"]
[WhiteElo "2865"]
[BlackElo "3073"]
[Result "1-0"]
[Round "8"]
[TimeControl "180+1"]
[Date "2023.11.07"]
[WhiteClock "0:01:04"]
[BlackClock "0:02:01"]
[Board "11"]

1. d4 a6 2. e4 c6 3. c4 d5 4. Nc3 dxe4 5. Nxe4 Bf5 6. Ng3 Bg6 7. Nf3 Nd7 8. h4 h6 9. h5 Bh7 10. Bd3 Bxd3 11. Qxd3 e6 12. O-O Ngf6 13. Bf4 Be7 14. Rfd1 O-O 15. Ne5 Qc8 16. Qf3 Rd8 17. Rd3 Nxe5 18. Bxe5 Rd7 19. Rad1 Qd8 20. b3 Qa5 21. Ne4 Nxe4 22. Qxe4 Rad8 23. Rg3 Bf8 24. c5 Qxa2 25. Bf6 Re8 26. Rxg7+ 1-0


[Site "https://www.chess.com"]

[Event "Titled Tuesday Blitz November 07 Early 2023"]
[White "Deac, Bogdan-Daniel"]
[Black "Klukin, Kirill"]
[WhiteFideId "1226380"]
[BlackFideId "24199273"]
[WhiteElo "2993"]
[BlackElo "2856"]
[Result "1/2-1/2"]
[Round "8"]
[TimeControl "180+1"]
[Date "2023.11.07"]
[WhiteClock "0:00:05"]
[BlackClock "0:00:12"]
[Board "12"]

1. b3 d5 2. Bb2 Nf6 3. e3 Bf5 4. c4 e6 5. cxd5 exd5 6. Qf3 Bg6 7. Bxf6 gxf6 8. Ne2 c6 9. Nf4 Nd7 10. Qd1 Bd6 11. Nxg6 hxg6 12. Nc3 Qe7 13. Be2 f5 14. g3 Nc5 15. Qc2 Ne6 16. d4 Bb4 17. O-O-O Bxc3 18. Qxc3 a5 19. a4 Kf8 20. h4 Kg7 21. Bd3 Qf6 22. Kd2 c5 23. dxc5 d4 24. exd4 Nxd4 25. Rc1 Rhe8 26. Kd1 Rad8 27. Re1 Rxe1+ 28. Kxe1 Qc6 29. Rd1 Kg8 30. Kd2 Qxc5 31. Qxc5 Nxb3+ 32. Kc2 Nxc5 33. Bb5 Rxd1 34. Kxd1 Kf8 35. Ke2 Ke7 36. Ke3 Kd6 37. f3 Ne6 38. g4 Ke5 39. Be8 Nd8 40. g5 Ke6 41. f4 Ke7 42. Bb5 Ne6 43. Be2 Kd6 44. h5 gxh5 45. Bxh5 Ke7 46. Be2 Nc5 47. Bb5 Kd6 48. Kd4 Ne6+ 49. Ke3 Nc7 50. Bc4 Ne6 51. Bb3 Ke7 52. Bd5 Nc5 53. Bf3 Nxa4 54. Bxb7 Nc5 55. Bd5 a4 56. Kd4 Ne6+ 57. Ke5 Ng7 58. Ba2 a3 59. Bc4 Kf8 60. Kf6 Nh5+ 61. Kxf5 Ng7+ 62. Ke5 Ne6 63. g6 Nd8 64. Kf6 fxg6 65. Kxg6 Nc6 66. Kf6 Na5 67. Ba2 Nc6 68. f5 Nb4 69. Bb3 Nd3 70. Kg6 Ne5+ 71. Kg5 Nf3+ 72. Kf6 Nd4 73. Ba2 Ne2 74. Bc4 Nc3 75. Ke5 a2 76. Bxa2 Nxa2 77. f6 Nb4 78. Kf4 Nc6 79. Kg3 Nd8 80. f7 Nxf7 1/2-1/2


[Site "https://www.chess.com"]

[Event "Titled Tuesday Blitz November 07 Early 2023"]
[White "Oparin, Grigoriy"]
[Black "Kozak, Antoni"]
[WhiteFideId "24125890"]
[BlackFideId "21832030"]
[WhiteElo "2993"]
[BlackElo "2819"]
[Result "1-0"]
[Round "8"]
[TimeControl "180+1"]
[Date "2023.11.07"]
[WhiteClock "0:01:13"]
[BlackClock "0:00:06"]
[Board "13"]

1. Nf3 Nf6 2. g3 c5 3. Bg2 Nc6 4. c4 d5 5. cxd5 Nxd5 6. Nc3 Nc7 7. a3 f6 8. b4 cxb4 9. axb4 Nxb4 10. Qa4+ Nc6 11. Nd4 Bd7 12. Nxc6 Bxc6 13. Bxc6+ bxc6 14. Qxc6+ Qd7 15. Qb7 a6 16. Ba3 e6 17. Bxf8 Rxf8 18. O-O Ke7 19. Rfc1 Rfb8 20. Qe4 h6 21. Na4 Nd5 22. Nc5 Qd6 23. d4 Kf7 24. Qf3 Ra7 25. e4 Ne7 26. Rd1 a5 27. Qh5+ Kg8 28. Qe2 Rb4 29. Qe3 Ra8 30. Qc3 Rb5 31. h4 Kh7 32. Qd3 Rb4 33. e5+ 1-0


[Site "https://www.chess.com"]

[Event "Titled Tuesday Blitz November 07 Early 2023"]
[White "Khismatullin, Denis"]
[Black "Gharibyan, Mamikon"]
[WhiteFideId "4142578"]
[BlackFideId "13308300"]
[WhiteElo "2942"]
[BlackElo "2803"]
[Result "1-0"]
[Round "8"]
[TimeControl "180+1"]
[Date "2023.11.07"]
[WhiteClock "0:00:41"]
[BlackClock "0:00:00"]
[Board "14"]

1. e4 e5 2. Nf3 Nc6 3. Bc4 Bc5 4. d3 Nf6 5. Nc3 d6 6. Na4 Bb6 7. c3 Ne7 8. Nxb6 axb6 9. Bb3 Ng6 10. h3 h6 11. Bc2 O-O 12. O-O Re8 13. Re1 d5 14. exd5 Qxd5 15. d4 e4 16. Nh2 c5 17. dxc5 Qxc5 18. Be3 Qf5 19. Ng4 b5 20. Bd4 Nxg4 21. Qxg4 Nf4 22. f3 Qxg4 23. hxg4 f5 24. gxf5 Bxf5 25. fxe4 Bg6 26. Re3 Kh7 27. a3 Ne6 28. Rd1 Red8 29. Bb3 Ra6 30. Bd5 Rad6 31. Be5 R6d7 32. Rf1 Nc5 33. Bd4 b6 34. b4 Na4 35. Bc6 Re7 36. Bxb5 Ra8 37. Bc6 Raa7 38. Rf8 Nb2 39. Bd5 h5 40. Bg8+ Kh6 41. Re2 Nd3 42. Be3+ 1-0


[Site "https://www.chess.com"]

[Event "Titled Tuesday Blitz November 07 Early 2023"]
[White "Rakotomaharo, Fy Antenaina"]
[Black "Rostovtsev, Dmitry"]
[WhiteFideId "13100050"]
[BlackFideId "34278320"]
[WhiteElo "2742"]
[BlackElo "2939"]
[Result "0-1"]
[Round "8"]
[TimeControl "180+1"]
[Date "2023.11.07"]
[WhiteClock "0:00:00"]
[BlackClock "0:01:25"]
[Board "15"]

1. d4 Nf6 2. Nf3 e6 3. Bg5 d5 4. Nbd2 c5 5. e3 Nbd7 6. c3 Bd6 7. Bd3 Qc7 8. O-O O-O 9. e4 dxe4 10. Nxe4 Nxe4 11. Bxe4 h6 12. Be3 Rd8 13. Qe2 cxd4 14. Bxd4 e5 15. Be3 Nf6 16. Nd2 Nxe4 17. Nxe4 Bf8 18. f4 Be6 19. Qh5 Bd5 20. Ng3 exf4 21. Rxf4 Bc5 22. Bxc5 Qxf4 23. Bd4 Qd2 24. Ne2 Re8 25. Qxd5 Rxe2 26. Rf1 Rf8 27. Qxb7 Re1 28. Qf3 Rxf1+ 29. Qxf1 Qxb2 30. h3 Qxa2 31. Qf3 a5 32. Qg4 f6 33. Qd7 Qc4 34. Kh2 a4 35. Qa7 Rf7 36. Qb8+ Kh7 37. Qf4 f5 38. Qe5 a3 39. Qa5 a2 40. Be5 Rd7 41. Bd4 Qc7+ 0-1


[Site "https://www.chess.com"]

[Event "Titled Tuesday Blitz November 07 Early 2023"]
[White "Aravindh, Chithambaram VR."]
[Black "Aradhya, Garg"]
[WhiteFideId "5072786"]
[BlackFideId "25006746"]
[WhiteElo "2933"]
[BlackElo "2726"]
[Result "0-1"]
[Round "8"]
[TimeControl "180+1"]
[Date "2023.11.07"]
[WhiteClock "0:00:01"]
[BlackClock "0:00:06"]
[Board "16"]

1. b3 e5 2. Bb2 Nc6 3. c4 Nf6 4. Nf3 e4 5. Nd4 Bc5 6. Nf5 O-O 7. e3 d6 8. Ng3 Ne5 9. Bxe5 dxe5 10. Nc3 Re8 11. Be2 Bb4 12. Qc2 Bxc3 13. dxc3 b6 14. Nxe4 Bf5 15. Bd3 Nd7 16. O-O-O Qe7 17. Kb2 Bg6 18. g4 a5 19. a4 Rab8 20. h4 h6 21. g5 h5 22. Rd2 Nc5 23. Nxc5 bxc5 24. Bxg6 fxg6 25. Qxg6 Rb6 26. Qxh5 Reb8 27. Qd1 Rxb3+ 28. Qxb3 Rxb3+ 29. Kxb3 Qe6 30. Rhd1 Qb6+ 31. Ka3 Qa6 32. h5 Qxc4 33. Kb2 Kf7 34. Rd7+ Ke6 35. R1d2 Qxa4 36. Rxg7 Qb5+ 37. Kc1 a4 38. h6 a3 39. h7 Qf1+ 40. Kc2 a2 41. Rg6+ Kf5 42. Rf6+ Ke4 43. Kb3 Qb1+ 44. Kc4 a1=Q 45. h8=Q Qa4+ 46. Kxc5 Qbb5# 0-1


[Site "https://www.chess.com"]

[Event "Titled Tuesday Blitz November 07 Early 2023"]
[White "Lukovic, Vladimir"]
[Black "Navara, David"]
[WhiteFideId "942952"]
[BlackFideId "309095"]
[WhiteElo "2721"]
[BlackElo "2928"]
[Result "0-1"]
[Round "8"]
[TimeControl "180+1"]
[Date "2023.11.07"]
[WhiteClock "0:00:23"]
[BlackClock "0:01:11"]
[Board "17"]

1. e4 c6 2. d4 d5 3. e5 Bf5 4. Be3 e6 5. Nd2 Nd7 6. Ngf3 f6 7. c4 fxe5 8. dxe5 Bb4 9. a3 Bc5 10. Nd4 Ne7 11. b4 Bxd4 12. Bxd4 O-O 13. Be2 Ng6 14. g4 Be4 15. Nxe4 dxe4 16. Qc2 Ndxe5 17. O-O-O Nd3+ 18. Bxd3 Qxd4 19. Bxe4 Qa1+ 20. Qb1 Qxa3+ 21. Qb2 Qxb2+ 22. Kxb2 Rxf2+ 23. Kc3 Ne5 24. Rhe1 g6 25. Bh1 Nxg4 26. Rxe6 Rxh2 27. Re7 Rh3+ 28. Kc2 Ne3+ 0-1


[Site "https://www.chess.com"]

[Event "Titled Tuesday Blitz November 07 Early 2023"]
[White "Jakubowski, Krzysztof"]
[Black "Steinberg, Nitzan"]
[WhiteFideId "1112848"]
[BlackFideId "2801795"]
[WhiteElo "2689"]
[BlackElo "2892"]
[Result "0-1"]
[Round "8"]
[TimeControl "180+1"]
[Date "2023.11.07"]
[WhiteClock "0:00:36"]
[BlackClock "0:00:53"]
[Board "18"]

1. e4 c5 2. Nf3 d6 3. d4 cxd4 4. Nxd4 Nf6 5. Nc3 a6 6. Be2 e6 7. Be3 Be7 8. a4 Nc6 9. O-O Bd7 10. f4 Nb4 11. Kh1 Rc8 12. Bf3 Qc7 13. Qd2 O-O 14. g4 Bc6 15. g5 Nd7 16. Bg2 Nb6 17. Qf2 Nc4 18. Bc1 d5 19. e5 Bc5 20. Rd1 Qb6 21. b3 Na5 22. Be3 Bd7 23. Nce2 Nbc6 24. Rd3 Nxd4 25. Nxd4 Nc6 26. c3 Bxd4 27. cxd4 Nb4 28. Rd2 Rc3 29. Re1 Rfc8 30. h4 Nc2 31. Ree2 Qxb3 32. Kh2 Nxe3 0-1


[Site "https://www.chess.com"]